 Dungeon Crawl Stone Soup version 0.20-a0-277-g7db01f4 (webtiles) character file.

27 dondy the Insei (level 3, 22/23 HPs)
             Began as an Octopode Transmuter on Dec 11, 2016.
             Quit the game on level 1 of the Dungeon.
             The game lasted 00:04:00 (705 turns).

dondy the Insei (Octopode Transmuter)                Turns: 705, Time: 00:04:01

Health: 22/23      AC:  1    Str:  9    XL:     3   Next: 10%
Magic:  6/6        EV: 13    Int: 16    God:
Gold:   42         SH:  0    Dex: 12    Spells: 2/6 levels left

rFire  . . .     SeeInvis .       - Unarmed
rCold  . . .     Gourm    .     (no shield)
rNeg   . . .     Faith    .     (helmet restricted)
rPois  .         Spirit   .     (no amulet)
rElec  .         Reflect  .     (no ring)
rCorr  .         Harm     .     (no ring)
MR     .....                    (no ring)
Stlth  +++.......               (no ring)
                                (no ring)
                                (no ring)
                                (no ring)
                                (no ring)

@: appendage (expiring)
A: almost no armour, stealthy swim, amphibious, 8 rings, constrict 8, tentacle
spike 3, camouflage 1, gelatinous body 1
a: End Transformation


You were on level 1 of the Dungeon.
You were not hungry.
One of your tentacles had a temporary spike.
You visited 1 branch of the dungeon, and saw 1 of its levels.

You collected 42 gold pieces.

Inventory:

Hand Weapons
 f - a +0 spear of flaming
Missiles
 a - 12 arrows
 i - 11 poisoned needles
Scrolls
 g - a scroll of remove curse {unknown}
Potions
 e - a potion of curing {unknown}
 h - a potion of heal wounds {unknown}
Books
 b - a book of Changes

   Spells                             Type                      Level
   a - Beastly Appendage              Transmutation                1
   b - Sticks to Snakes               Transmutation                2
   c - Spider Form                    Transmutation/Poison         3
   d - Ice Form                       Ice/Transmutation            4
   e - Blade Hands                    Transmutation                5
Comestibles
 c - a bread ration
 d - a chunk of flesh


   Skills:
 + Level 1.0 Fighting
 + Level 2.0 Dodging
 - Level 1.1 Stealth
 + Level 3.7 Unarmed Combat
 + Level 2.0 Spellcasting
 + Level 2.4 Transmutations


You had 2 spell levels left.
You knew the following spells:

 Your Spells              Type           Power        Failure   Level  Hunger
a - Beastly Appendage     Tmut           #.....       10%         1    #......
b - Spider Form           Tmut/Pois      #.........   38%         3    ###....


Dungeon Overview and Level Annotations

Branches:
Dungeon (1/15)

Altars:


Innate Abilities, Weirdness & Mutations

You cannot wear most types of armour.
You are very stealthy in the water. (Stealth+)
You are amphibious.
You can wear up to eight rings at the same time.
You can use your tentacles to constrict eight enemies at once.
Your skin changes colour to match your surroundings (Stealth+).
Your rubbery body absorbs attacks. (AC +1, EV +1)
One of your tentacles bears a large vicious spike.


Message History

You see here a dart slug corpse.
You butcher the dart slug corpse.
d - a chunk of flesh
Found an escape hatch in the floor.
A dart slug comes into view.
Casting: Beastly Appendage
Confirm with . or Enter, or press ? or * to list all spells.
One of your tentacles grows a vicious spike.
The dart slug launches a dart at you. The slug dart hits you!
You tentacle-slap the dart slug. You grab the dart slug.
You pierce the dart slug.
The dart slug is heavily wounded.
You constrict the dart slug. You tentacle-slap the dart slug.
You squeeze the dart slug.
You kill the dart slug!
Your Stealth skill increases to level 1!
You start resting.
Your transformation is almost over.
Are you sure you want to abandon this character and quit the game? (Confirm with "yes".)

#...#..#.#
##...##.#.#
#.....#.#.#
#..<..#.#.#
#.....#.#.#####
##...##.......#
#...##...###.#
#...##.....#
##.###.@..##
#.# #.......#
#.##.>..#####
#..#...
.....#.##
#####.#.# #...#
## .#


There were no monsters in sight!

Vanquished Creatures
  2 dart slugs (D:1)
  2 leopard geckos (D:1)
  A ball python (D:1)
  4 bats (D:1)
  2 giant cockroaches (D:1)
  A goblin (D:1)
  2 hobgoblins (D:1)
  3 frilled lizards (D:1)
  A kobold (D:1)
  2 rats (D:1)
20 creatures vanquished.

Notes
Turn   | Place    | Note
-------+----------+-------------------------------------------
     0 | D:1      | dondy the Octopode Transmuter began the quest for the Orb.
     0 | D:1      | Reached XP level 1. HP: 13/13 MP: 3/3
    95 | D:1      | Reached XP level 2. HP: 12/18 MP: 3/5
   567 | D:1      | Reached XP level 3. HP: 15/23 MP: 4/6
   572 | D:1      | Learned a level 3 spell: Spider Form
   697 | D:1      | Reached skill level 1 in Stealth
   705 | D:1      | Quit the game

Vault maps used:
D:1:      dpeg_arrival_rhombus

Skill      XL: |  1  2  3 |
---------------+----------+-----
Stealth        | 1 |  1.1
Fighting       | |  1.0
Dodging        | |  2.0
Unarmed Combat | |  3.7
Spellcasting   | |  2.0
Transmutations | |  2.4

Action                   || total
-------------------------++-------
Melee: Unarmed           ||    43
       Constrict         ||    11
       Kick              ||     5
       Tentacles         ||     6
       Punch             ||     2
 Cast: Beastly Appendage ||     7
 Stab: Sleeping          ||     3
Armor: Skin              ||     5
Dodge: Dodged            ||    31
